 Dungeon Crawl Stone Soup version 0.30.1-11-g7821555f0a (webtiles) character file.

Game seed: 2237488097296953651

21424 safid the Protected (level 12, -12/166 HPs)
             Began as an Armataur Warper on Jan 12, 2024.
             Was an Initiate of Gozag.
             Killed from afar by a hellion (23 damage)
             ... with damnation
             ... in a Gauntlet on Jan 17, 2024.
             The game lasted 00:35:08 (15484 turns).

safid the Protected (Armataur Warper)              Turns: 15484, Time: 00:35:11

Health: -12/166    AC: 14    Str: 21    XL:     12   Next: 54%
Magic:  21/21      EV:  6    Int: 15    God:    Gozag
Gold:   276        SH: 11    Dex:  9    Spells: 12/23 levels left

rFire   + . .        e - +1 demon whip (venom)
rCold   . . .        J - +2 kite shield
rNeg    . . .        M - +0 chain mail
rPois   .            (no helmet)
rElec   .            (no cloak)
rCorr   .            (no gloves)
SInv    .            (no barding)
Will    .....        (no amulet) Stlth
                     j - +4 ring of protection
HPRegen 0.47/turn    R - ring of protection from fire
MPRegen 0.17/turn

%: no teleportation, roll
@: berserking, spiked, gold aura, hasted, very quick
A: large, rugged brown scales 3, deformed body, armoured tail, roll, long
tongue, awkward tongue
a: Renounce Religion, Potion Petition, Call Merchant, Bribe Branch


You were in a Gauntlet.
You worshipped Gozag.
Gozag was aware of your devotion.
You visited 3 branches of the dungeon, and saw 13 of its levels.
You also visited: Gauntlet.

You collected 2000 gold pieces.
You paid 1724 gold pieces to Gozag.

Inventory:

Hand Weapons
 e - a +1 demon whip of venom (weapon)
 r - a +3 whip of electrocution
Missiles
 d - 7 boomerangs of dispersal
 n - 7 curare-tipped darts (quivered)
 D - 2 throwing nets
 G - a javelin
Armour
 J - a +2 kite shield (worn)
 M - a +0 chain mail (worn)
Jewellery
 a - a +4 ring of protection
 j - a +4 ring of protection (left hand)
 K - a ring of flight
 L - a ring of protection from cold
 R - a ring of protection from fire (right hand)
Wands
 f - a wand of quicksilver (5)
 u - a wand of roots (17)
 w - a wand of charming (27)
 I - a wand of flame (32)
Scrolls
 c - 2 scrolls of blinking
 h - a scroll of fear
 k - a scroll of silence {unknown}
 l - 7 scrolls of amnesia
 o - a scroll of torment {unknown}
 s - 2 scrolls of magic mapping
 y - 5 scrolls of teleportation
 A - a scroll of acquirement {unknown}
 B - 3 scrolls of poison {unknown}
 C - 2 scrolls of enchant weapon
 E - 2 scrolls of enchant armour
 F - a scroll of fog {unknown}
Potions
 b - a potion of berserk rage
 g - 2 potions of cancellation
 q - a potion of magic {unknown}
 t - a potion of ambrosia {unknown}
 x - a potion of lignification {unknown}
 z - 2 potions of haste
 H - a potion of experience {unknown}
 N - a potion of attraction {unknown}
 Q - 2 potions of mutation
Miscellaneous
 P - a phantom mirror (inert)


   Skills:
 + Level 9.2 Fighting
 - Level 1.7 Long Blades
 + Level 8.3 Maces & Flails
 - Level 0.8 Throwing
 + Level 10.5 Armour
 - Level 2.0 Dodging
 + Level 8.0 Shields
 - Level 6.0 Spellcasting
 - Level 4.0 Conjurations
 - Level 8.0 Translocations
 - Level 4.0 Air Magic


You had 12 spell levels left.
You knew the following spells:

 Your Spells              Type           Power      Damage    Failure   Level
a - Blink                 Tloc           56%        N/A       9%          2
b - Momentum Strike       Conj/Tloc      44%        3d9       19%         2
c - Vhi's Electric Charg  Tloc/Air       44%        N/A       36%         3
d - Manifold Assault      Tloc           28%        N/A       50%         4

Your spell library contained the following spells:

 Spells                   Type           Power      Damage    Failure   Level
 Apportation              Tloc           56%        N/A       5%          1
 Lesser Beckoning         Tloc           56%        N/A       9%          2
 Gell's Gravitas          Tloc           28%        N/A       17%         3
 Teleport Other           Tloc           28%        N/A       17%         3
 Shock                    Conj/Air       64%        1d7       28%         1
 Swiftness                Air            16%        N/A       65%         3
 Cigotuvi's Dreadful Rot  Necr/Pois/Air  16%        N/A       80%         2
 Necrotise                Necr           16%        1d4       83%         1
 Sandblast                Erth           8%         2d5       83%         1
 Summon Small Mammal      Summ           16%        N/A       83%         1
 Stone Arrow              Conj/Erth      20%        3d8       89%         3
 Ensorcelled Hibernation  Hex/Ice        8%         N/A       92%         2
 Passwall                 Tmut/Erth      3%         N/A       92%         2
 Airstrike                Air            8%         2d(2-18)  96%         4
 Inner Flame              Hex/Fire       4%         N/A       99%         3
 Animate Armour           Summ/Erth      8%         N/A       100%        4
 Flame Wave               Conj/Fire      10%        2d6       100%        4
 Leda's Liquefaction      Hex/Erth       2%         N/A       100%        4
 Sticky Flame             Conj/Fire      10%        2d3       100%        4
 Borgnjor's Vile Clutch   Necr/Erth      2%         N/A       100%        5
 Fireball                 Conj/Fire      5%         3d5       100%        5
 Iskenderun's Battlesphe  Conj           16%        2d7       100%        5
 Conjure Ball Lightning   Conj/Air       8%         3x3d6     100%        6
 Orb of Destruction       Conj           8%         9d6       100%        7
 Storm Form               Tmut/Air       5%         N/A       100%        7
 Borgnjor's Revivificati  Necr           2%         N/A       100%        8
 Lehudib's Crystal Spear  Conj/Erth      5%         10d3      100%        8
 Necromutation            Tmut/Necr      2%         N/A       100%        8
 Death's Door             Necr           2%         N/A       100%        9


Dungeon Overview and Level Annotations

Branches:
Dungeon (9/15)             Temple (1/1) D:7            Lair (3/5) D:9
 Shoals (0/4) Lair:2        Snake (0/4) Lair:3      Gauntlet (1/1)
    Orc: D:9-12

Altars:
Ashenzari
Cheibriados
Dithmenos
Elyvilon
Fedhas
Gozag
Hepliaklqana
Kikubaaqudgha
Makhleb
Nemelex Xobeh
Okawaru
Qazlal
Ru
Sif Muna
Trog
Uskayaw
Wu Jian
Xom
Yredelemnul
Zin
The Shining One

Shops:
D:9 (

Annotations:
D:4 2 transporters, TheBioAlchemist's ghost, amateur MiHu
Lair:2 1 runed translucent door, Jonnidov's ghost, journeyman MiFi Gauntlet 11 transporters, 1 runed translucent door


Innate Abilities, Weirdness & Mutations

You are completely covered in rugged brown scales. (AC +3, +7% HP)
Armour fits poorly on your strangely shaped body.
You have a long armoured tail.
You roll when moving toward enemies. (Rampage)
Your long tongue fully drains potion bottles. (2x potion effects)
Your tongue gives you trouble enunciating. (1.5x scroll delay)


Message History

You tail-slap the red devil.
You kill the red devil!
You hear a roar!
The hellion gestures at you.
The sphere of damnation explodes!
The damnation engulfs you!!
* * * LOW HITPOINT WARNING * * *
You feel better.
You slurp down every last drop of the potion of curing!
The hellion gestures at you.
The sphere of damnation explodes!
The damnation engulfs you!!
* * * LOW HITPOINT WARNING * * *
Unknown command.
Okay, then.
Unknown command. [a] - 315 gold - haste and heal wounds [b] - 621 gold - resistance, might, haste and lignification [c] - 416 gold - heal wounds, curing and magic Purchase which effect?
You no longer have enough gold to petition Gozag for potion effects.
You feel yourself speed up.
You feel much better. The hellion gestures at you.
The sphere of damnation explodes!
The damnation engulfs you!!
* * * LOW HITPOINT WARNING * * *
Unknown command.
The barbed spikes dig painfully into your body as you move.
* * * LOW HITPOINT WARNING * * *
You block the hellion's attack.
Things that are here:
8 gold pieces; a +0 trident Unknown command.
Unknown command.
You barely miss the hellion. You block the hellion's attack.
Unknown command.
A red film seems to cover your vision as you go berserk!
You feel yourself moving faster!
You feel mighty!
You slurp down every last drop of the potion of berserk rage!
The hellion gestures at you.
The sphere of damnation explodes!
The damnation engulfs you!!
You die...
Your body crumbles into a pile of gold.

##.8.....8.....8.......
#§...............######
##...#########...#.....
#≈...#......h#...#..##.
##...#..####?#####.#..#
#≈...#.##..#$#...#.#..#
##.8©#h#.©#.©#©8©#..###
#≈...#2#.##^.#...#.#.©#
##...#@##.^.[#####5#..#
#≈...#.$.....#...#p5##.
##§..#########...#p5...
#≈...............######
##§8.....8.....8.......
##§....................8
#§§..###########........
##...#....4....#...#####
#§.∩.#.....P...#...#©#^.


You could see an orange demon, a hellion and a hell hound.

Vanquished Creatures
  A hydra (Lair:2)
  A two-headed ogre (D:9)
  A boulder beetle (Lair:1)
  A centaur warrior (D:9)
  3 death yaks (D:9)
  Amaemon (Lair:2)
  An ugly thing (D:9)
  9 elephants (Lair:2)
  A black mamba (Lair:1)
  An orange demon (Lair:2)
  4 cane toads
  A rime drake (Lair:1)
  3 komodo dragons
  A red devil (Gauntlet)
  A troll (D:9)
  A polar bear (Lair:1)
  A hornet (D:7)
  A blink frog (Lair:3)
  A wraith (D:9)
  2 wyverns
  19 yaks
  3 basilisks
  3 steam dragons
  3 vampire mosquitoes (D:7)
  Menkaure (D:6)
  An acid dragon (D:9)
  2 water moccasins (Lair:3)
  A hell hound (Gauntlet)
  2 ice beasts
  4 sky beasts
  4 orc warriors
  An ogre (D:5)
  A phantom (D:6)
  2 centaurs
  7 bullfrogs
  3 kobold brigands
  3 scorpions
  A gnoll sergeant (D:8)
  7 wights
  17 killer bees (D:9)
  6 howler monkeys
  4 electric eels (D:8)
  A gnoll bouda (D:5)
  3 jellies
  3 hounds
  6 orc priests
  4 iguanas
  4 orc wizards
  A sleepcap (D:6)
  Natasha (twice) (D:3)
  12 gnolls
  12 adders
  3 river rats (D:9)
  A shadow imp (D:6)
  A white imp (D:6)
  An ufetubus (D:6)
  3 dart slugs
  3 worms (D:2)
  18 orcs
  10 endoplasms
  10 giant cockroaches
  8 goblins
  15 hobgoblins
  6 quokkas
  3 training dummies (D:9)
  4 ball pythons
  5 bats
  4 frilled lizards
  13 kobolds
  4 rats
  A spectral orc (D:5)
292 creatures vanquished.

Vanquished Creatures (others)
  A troll (D:9)
1 creature vanquished.

Grand Total: 293 creatures vanquished

Notes
Turn   | Place    | Note
-------+----------+-------------------------------------------
     0 | D:1      | safid the Armataur Warper began the quest for the Orb.
     0 | D:1      | Reached XP level 1. HP: 18/18 MP: 3/3
   180 | D:1      | Reached XP level 2. HP: 23/25 MP: 5/5
   233 | D:1      | You fall into a shaft and drop 1 floor!
   264 | D:1      | Learned a level 2 spell: Blink
   452 | D:1      | Reached XP level 3. HP: 26/32 MP: 6/6
   999 | D:2      | Got the Compilation of Nausea and Geology
  1034 | D:2      | Reached XP level 4. HP: 24/39 MP: 7/7
  1837 | D:2      | Reached XP level 5. HP: 25/48 MP: 9/9
  2370 | D:3      | Found a shadowy altar of Dithmenos.
  2507 | D:3      | Reached XP level 6. HP: 47/55 MP: 11/11
  2638 | D:3      | Reached skill level 1 in Maces & Flails
  2655 | D:3      | Noticed Natasha
  2666 | D:3      | Killed Natasha
  2883 | D:3      | Noticed Natasha
  2892 | D:3      | Killed Natasha
  3068 | D:4      | Identified the +8 spear of Dishonour {venom, Str+4}
  3109 | D:4      | Found a transporter.
  3123 | D:4      | Learned a level 3 spell: Vhi's Electric Charge
  3128 | D:4      | Learned a level 4 spell: Manifold Assault
  3171 | D:4      | Found a transporter.
  3366 | D:4      | Learned a level 2 spell: Momentum Strike
  3632 | D:4      | Identified the +0 pair of boots of Amorality {Will+}
  3756 | D:4      | Noticed TheBioAlchemist's ghost (amateur MiHu)
  3781 | D:5      | Entered Level 5 of the Dungeon
  3823 | D:5      | Reached XP level 7. HP: 63/63 MP: 12/12
  3896 | D:5      | Reached skill level 1 in Conjurations
  3897 | D:5      | Reached skill level 2 in Armour
  3968 | D:5      | Reached skill level 1 in Air Magic
  4509 | D:5      | Reached XP level 8. HP: 71/71 MP: 14/14
  4660 | D:5      | Found a basalt altar of Yredelemnul.
  4743 | D:6      | Reached skill level 3 in Armour
  5013 | D:6      | Noticed Menkaure
  5019 | D:6      | Killed Menkaure
  5073 | D:6      | Found a burning altar of Makhleb.
  5218 | D:6      | Found a shimmering altar of Xom.
  5653 | D:7      | Reached skill level 5 in Translocations
  5677 | D:7      | Reached skill level 5 in Fighting
  5725 | D:6      | Reached skill level 4 in Armour
  6316 | D:7      | Reached XP level 9. HP: 75/79 MP: 16/16
  6472 | D:7      | Reached skill level 5 in Spellcasting
  7042 | D:7      | Found a sacrificial altar of Ru.
  7175 | D:7      | Found a broken altar of Ashenzari.
  7324 | D:7      | Reached skill level 5 in Armour
  7471 | D:7      | Found a staircase to the Ecumenical Temple.
  7476 | Temple   | Entered the Ecumenical Temple
  7572 | Temple   | Became a worshipper of Gozag Ym Sagoz the Greedy
  8741 | D:8      | Reached XP level 10. HP: 26/83 MP: 18/18
 10105 | D:9      | Reached skill level 1 in Shields
 10199 | D:9      | Noticed a skeletal warrior
 10234 | D:9      | Found Dufesuogg's Firing Range.
 10401 | D:9      | Reached skill level 6 in Armour
 10403 | D:9      | Reached skill level 5 in Maces & Flails
 10646 | D:9      | Found a staircase to the Lair.
 10648 | D:9      | Noticed a death yak
 10650 | D:9      | Noticed a death yak
 10650 | D:9      | Noticed a death yak
 10698 | D:9      | Killed a death yak
 10737 | D:9      | Killed a death yak
 10738 | D:9      | Reached skill level 7 in Armour
 10782 | D:9      | Reached XP level 11. HP: 50/98 MP: 20/20
 10803 | D:9      | Killed a death yak
 11102 | D:9      | Found a glowing silver altar of Zin.
 11440 | D:9      | Noticed a centaur warrior
 11450 | D:9      | Killed a centaur warrior
 11451 | D:9      | Reached skill level 8 in Armour
 11451 | D:9      | Reached skill level 5 in Shields
 11699 | D:9      | Noticed a purple ugly thing
 11730 | D:9      | Killed a purple ugly thing
 11769 | D:9      | Noticed a two-headed ogre
 11781 | D:9      | Killed a two-headed ogre
 11936 | D:9      | Noticed a boulder beetle
 11996 | Lair:1   | Entered Level 1 of the Lair of Beasts
 12253 | Lair:1   | Noticed a boulder beetle
 12281 | Lair:1   | Killed a boulder beetle
 13120 | Lair:2   | Found a staircase to the Shoals.
 13262 | Lair:2   | Reached skill level 9 in Armour
 13406 | Lair:2   | Found a runed translucent door.
 13476 | Lair:2   | Reached XP level 12. HP: 89/110 MP: 21/21
 13549 | Lair:2   | Noticed Amaemon
 13562 | Lair:2   | Killed Amaemon
 13577 | Lair:2   | Noticed Jonnidov's ghost (journeyman MiFi)
 14314 | Lair:2   | Reached skill level 10 in Armour
 14734 | Lair:2   | Noticed a five-headed hydra
 14746 | Lair:2   | Killed a five-headed hydra
 15203 | Lair:3   | Found a gate leading to a gauntlet.
 15214 | Gauntlet | Entered a Gauntlet
 15214 | Gauntlet | Found a transporter.
 15235 | Gauntlet | Noticed a green death
 15241 | Gauntlet | Noticed a quicksilver ooze
 15269 | Gauntlet | Found a transporter.
 15281 | Gauntlet | Found a transporter.
 15285 | Gauntlet | Found a transporter.
 15295 | Gauntlet | Found a transporter.
 15312 | Gauntlet | Found a runed translucent door.
 15316 | Gauntlet | Found a transporter.
 15325 | Gauntlet | Found a transporter.
 15350 | Gauntlet | Found a transporter.
 15352 | Gauntlet | Found a transporter.
 15361 | Gauntlet | Found a transporter.
 15391 | Gauntlet | Found a transporter.
 15391 | Gauntlet | Found a transporter.
 15480 | Gauntlet | HP: 2/111 [hellion/damnation (26)]
 15484 | Gauntlet | Killed from afar by a hellion

Illustrated notes

Levels and vault maps discovered:
D:1:      saegor_arrival_simple_c, layout_loops_cross
D:2:      minmay_chambers_of_twos, layout_basic
D:3:      layout_loops_ring, mainiacjoe_overflow_tiny_flanked,
          hangedman_decor_clover_reticule, nrook_uturn, feat_on_display,
          uniq_natasha
D:4:      layout_basic, gammafunk_ghost_gnarly_gnolls
D:5:      layout_loops_cross, yredelemnul_forgotten_temple_becter,
          roderic_roman_lattice
D:6:      layout_loops_corners, mainiacjoe_overflow_cross_hatched,
          mainiacjoe_overflow_alcove_1, uniq_menkaure
D:7:      layout_rooms, mainiacjoe_overflow_big_doors,
          minmay_temple_entry_nine_rooms, hangedman_misty_isle
D:8:      layout_gridville, grunt_ministairs_13, serial_bayou_lake_a
D:9:      minmay_the_grid_four_pointed_star [minmay_the_grid_triangle_9x9_alien,
          minmay_the_grid_triangle_9x9_minimal,
          minmay_the_grid_triangle_9x9_odd_lines,
          minmay_the_grid_triangle_9x9_dagger,
          minmay_the_grid_prize_shrinking_boxes], layout_irregular_city,
          mainiacjoe_overflow_alcove_4, mainiacjoe_overflow_catwalk,
          dpeg_lair_monsters, nicolae_concentric_dashed_squares_wild,
          st_stairs_10, nicolae_shop_firing_range
Temple:   jpeg_temple_clearing
Lair:1:   layout_chaotic_city
Lair:2:   layout_long_grid, shoals_dummy_entry, ebering_ghost_reflecting_pool,
          wad_woods_06, grunt_megastairs_5, serial_bayou_shore_b, uniq_amaemon
Lair:3:   layout_loops_ring, dummy_snake_entry, gauntlet_entry_generic,
          portal_ice_cave_entry_imps, minivault_27, grunt_megastairs_4,
          lemuel_fruit_tree
Gauntlet: minmay_gauntlet_mixed_oops_all_seconds
          [minmay_gauntlet_arena_77_squiggly, gammafunk_gauntlet_arena_hedges,
          minmay_gauntlet_arena_77_hold_the_fort,
          gammafunk_gauntlet_arena_spirals, minmay_gauntlet_arena_77_path,
          nicolae_gauntlet_arena_quarters, gauntlet_exit_green]

Skill      XL: |  1  2  3  4  5  6  7  8  9 10 11 12 |
---------------+-------------------------------------+-----
Fighting       | 2 3 4 5 6 7 8 9 |  9.2
Spellcasting   | 2 3 4 5 6 |  6.0
Translocations | 4 5 6 7 8 |  8.0
Maces & Flails | 1 2 3 4 5 7 8 |  8.3
Conjurations   | 1 3 4 |  4.0
Armour         | 2 4 5 7 9 10 | 10.5
Air Magic      | 1 2 4 |  4.0
Dodging        | 2 |  2.0
Shields        | 3 6 8 |  8.0
Long Blades    | |  1.7
Throwing       | |  0.8

Action                     |  1- 3 |  4- 6 |  7- 9 | 10-12 || total
---------------------------+-------+-------+-------+-------++-------
  Melee: Falchion          |   121 |    33 |       |       ||   154
         Tailslap          |    18 |    24 |    44 |   155 ||   241
         Punch             |     4 |       |     4 |       ||     8
         Great sword       |       |    99 |       |       ||    99
         Whip              |       |    93 |   431 |   615 ||  1139
         Unarmed           |       |     1 |       |       ||     1
         Demon whip        |       |       |       |   163 ||   163
  Throw: Dart              |       |       |       |     1 ||     1
 Invoke: Potion Petition   |       |       |       |     4 ||     4
  Evoke: Phantom mirror    |       |       |       |     1 ||     1
    Use: Potion            |       |     2 |     5 |    12 ||    19
         Scroll            |       |       |       |    12 ||    12
   Stab: Distracted        |       |       |       |     2 ||     2
 Armour: Leather armour    |    52 |   138 |   122 |       ||   312
         Plate armour      |       |       |   127 |    42 ||   169
         Chain mail        |       |       |       |   316 ||   316
  Dodge: Dodged            |    81 |   133 |   125 |   115 ||   454
  Block: Kite shield       |       |       |       |   324 ||   324
